 Dungeon Crawl Stone Soup version 0.29.1-12-g30fa7ad0bf (webtiles) character file.

Game seed: 10916376491063211976

2753 hawla the Arsonist (level 10, -3/73 HPs)
             Began as a Meteoran Fire Elementalist on Jan 10, 2023.
             Was a Follower of Vehumet.
             Slain by a vampire mosquito (10 damage)
             ... on level 8 of the Dungeon.
             The game lasted 00:16:36 (3521 turns).

hawla the Arsonist (Meteoran Fire Elementalist)     Turns: 3521, Time: 00:16:37

Health: -3/73      AC:  3    Str: 13    XL:     10   Next: 19%
Magic:  1/32       EV: 13    Int: 29    God:    Vehumet [*.....]
Gold:   311        SH:  0    Dex: 14    Spells: 13/25 levels left

rFire   . . .      SeeInvis .   t - +12 falchion of the Ecumenical Temple {elec, rC+ Will+ Str-2 Int+7}
rCold   + . .      Faith    .   (no shield)
rNeg    + . .      Spirit   .   a - +1 robe
rPois   .          Reflect  .   (no helmet)
rElec   .          Harm     .   (no cloak)
rCorr   +          Rampage  .   (no gloves)
Will    +++..                   (no boots)
Stlth   +.........              (no amulet)
HPRegen 0.22/turn               h - ring "Wucwien" {rN+ Will+ MP+9 Str+5}
MPRegen 0.23/turn               i - ring of resist corrosion

@: slightly contaminated, glowing
A: sense surroundings 2, otherworldly, glowing, explore regen
a: Renounce Religion


You were on level 8 of the Dungeon.
You worshipped Vehumet.
Vehumet was aware of your devotion.
You visited 2 branches of the dungeon, and saw 9 of its levels.
You also visited: Sewer and Ossuary.

You collected 519 gold pieces.
You spent 208 gold pieces at shops.

Inventory:

Hand Weapons
 t - the +12 falchion of the Ecumenical Temple (weapon) {elec, rC+ Will+ Str-2 Int+7}
   (You bought it in a shop on level 2 of the Dungeon)

   It occasionally discharges a powerful burst of electricity upon striking a
   foe.
   Str:       It affects your strength (-2).
   Int:       It affects your intelligence (+7).
   rC:        It protects you from cold.
   Will:      It increases your willpower.
Armour
 a - a +1 robe (worn)
Jewellery
 h - the ring "Wucwien" (left hand) {rN+ Will+ MP+9 Str+5}
   (You found it on level 3 of the Dungeon)

   [ring of magical power]

   Str:       It affects your strength (+5).
   rN:        It protects you from negative energy.
   MP:        It affects your magic capacity (+9).
   Will:      It increases your willpower.
 i - a ring of resist corrosion (right hand)
Wands
 r - a wand of iceblast (8)
 w - a wand of polymorph (7)
Scrolls
 b - 2 scrolls of teleportation
 m - 3 scrolls of identify
 o - 5 scrolls of magic mapping
 q - 2 scrolls of fear
 s - a scroll of torment {unknown}
 u - a scroll of blinking
 v - a scroll of amnesia
Potions
 e - 3 potions of curing
 f - 3 potions of brilliance {unknown}
 g - a potion of resistance {unknown}
 j - 3 potions of flight {unknown}
 k - 3 potions of magic
 n - a potion of berserk rage {unknown}
 p - a potion of haste {unknown}
 x - a potion of cancellation {unknown}


   Skills:
 + Level 2.3 Fighting
 + Level 3.0 Long Blades
 + Level 3.8 Dodging
 - Level 1.4 Stealth
 + Level 8.4 Spellcasting
 + Level 7.0 Conjurations
 + Level 6.1 Transmutations
 + Level 8.6 Fire Magic


You had 13 spell levels left.
You knew the following spells:

 Your Spells              Type           Power      Damage    Failure   Level
a - Foxfire               Conj/Fire      100%       2x1d9     1%          1
b - Scorch                Fire           100%       2d10      1%          2
c - Flame Wave            Conj/Fire      55%        2d13      1%          4
d - Irradiate             Conj/Tmut      25%        3d20      9%          5

Your spell library contained the following spells:

 Spells                   Type           Power      Damage    Failure   Level
 Shock                    Conj/Air       100%       1d9       1%          1
 Sting                    Tmut/Pois      100%       1d8       1%          1
 Conjure Flame            Conj/Fire      55%        6-21      1%          3
 Inner Flame              Hex/Fire       37%        N/A       2%          3
 Fireball                 Conj/Fire      27%        3d12      4%          5
 Poisonous Vapours        Pois/Air       24%        N/A       7%          2
 Sublimation of Blood     Necr           12%        N/A       7%          2
 Iskenderun's Battlesphe  Conj           52%        2d10      7%          5
 Petrify                  Tmut/Erth      29%        N/A       12%         4
 Olgreb's Toxic Radiance  Pois           12%        N/A       41%         4
 Conjure Ball Lightning   Conj/Air       16%        3x3d6     85%         6
 Orb of Destruction       Conj           26%        9d9       90%         7


Dungeon Overview and Level Annotations

Branches:
Dungeon (8/15) Zot: 1624   Temple (1/1) D:6 Zot: 518   Sewer (visited)
Ossuary (visited)
   Lair: D:8-11

Altars:
Dithmenos
Elyvilon
Fedhas
Hepliaklqana
Kikubaaqudgha
Makhleb
Nemelex Xobeh
Okawaru
Qazlal
Ru
Sif Muna
Uskayaw
Vehumet
Wu Jian
Xom
Yredelemnul
Zin
The Shining One

Shops:
D:2 (

Annotations:
D:8 3 runed translucent doors, hawla's ghost, novice MeIE


Innate Abilities, Weirdness & Mutations

You passively map the area around you.
You are easily found by Zot.
You glow in the dark.
You regain HP and MP as you explore.


Message History

* * * LOW HITPOINT WARNING * * *
The vampire mosquito closely misses you.
Casting: Flame Wave (dangerous; 1% risk of failure)
Confirm with . or Enter, or press ? or * to list all spells.
You erupt in a fountain of uncontrolled magic!
The killer bee is blasted with magical radiation!!
You kill the killer bee!
Vehumet accepts your kill.
You can now gain magical power from killing.
Vehumet offers you knowledge of Shock.
The killer bee is blasted with magical radiation!!
You kill the killer bee!
Vehumet accepts your kill.
The killer bee is blasted with magical radiation!!
You kill the killer bee!
Vehumet accepts your kill.
The vampire mosquito is blasted with magical radiation!
The vampire mosquito is almost destroyed.
You are very lightly contaminated with residual magic.
The vampire mosquito bites you.
* * * LOW HITPOINT WARNING * * *
The vampire mosquito draws strength from your injuries!
The vampire mosquito bites you.
* * * LOW HITPOINT WARNING * * *
The vampire mosquito closely misses you.
Your Long Blades skill increases to level 3!
Casting: Irradiate (dangerous; 9% risk of failure)
Confirm with . or Enter, or press ? or * to list all spells.
You erupt in a fountain of uncontrolled magic!
The vampire mosquito is blasted with magical radiation!
The vampire mosquito is heavily damaged.
The vampire mosquito is blasted with magical radiation!!
You destroy the vampire mosquito!
Vehumet accepts your kill.
You feel your power returning.
You are lightly contaminated with residual magic.
The vampire mosquito closely misses you.
A vampire mosquito comes into view.
A basilisk comes into view.
The vampire mosquito bites you!
You die...

,, , , , ,,
, , ,, ,.#
, , , ,, ,
.. , * ,, ,
, ,.. , **
* * , , l,
,,#.,, ,
,** ...,*#.
,, ,*
#.S.##. ,
#...y##* ,
* * #.†@#
,* *
#.....#y†#*
, #.###
##..# * * ,
*#..., > ,
,, #### *,,
** * ,,, ,
*, ,, * *


You could see a basilisk (wandering), a water moccasin and 2 vampire mosquitoes.

Vanquished Creatures
  5 yaks (D:8)
  A wyvern (D:8)
  A steam dragon (D:8)
  A vampire mosquito (D:8)
  2 water moccasins
  2 black bears
  An ogre (D:5)
  A centaur (D:5)
  A phantom (D:5)
  A kobold brigand (D:8)
  A scorpion (D:5)
  6 killer bees (D:8)
  A jelly (D:6)
  A gnoll bouda (D:5)
  An orc priest (D:7)
  4 hounds
  2 iguanas
  A hell rat (Sewer)
  8 mummies (Ossuary)
  19 gnolls
  5 adders
  3 river rats
  A shadow imp (D:7)
  A white imp (D:4)
  2 worms (D:2)
  2 dart slugs
  5 orcs
  4 ball pythons
  3 bats
  4 endoplasms
  2 giant cockroaches
  2 gnoll zombies (Ossuary)
  4 goblins
  2 hobgoblins (D:3)
  2 jackals (D:5)
  7 kobolds
  2 quokkas (D:5)
  A hobgoblin zombie (Ossuary)
  A kobold zombie (Ossuary)
  4 orc zombies (Ossuary)
  11 rats
128 creatures vanquished.

Vanquished Creatures (others)
  2 demonic plants (D:6)
  176 foxfires
  13 fungi
  6 plants (D:8)
  3 toadstools (D:5)
200 creatures vanquished.

Grand Total: 328 creatures vanquished

Notes
Turn   | Place    | Note
-------+----------+-------------------------------------------
     0 | D:1      | hawla the Meteoran Fire Elementalist began the quest for
                  | the Orb.
     0 | D:1      | Reached XP level 1. HP: 14/14 MP: 5/5
    92 | D:2      | Found Uca Hept's Antique Weapon Boutique.
   117 | D:2      | Reached XP level 2. HP: 10/20 MP: 0/6
   137 | D:2      | Reached XP level 3. HP: 19/26 MP: 5/8
   155 | D:2      | Learned a level 2 spell: Scorch
   323 | D:3      | Identified the ring "Wucwien" {rN+ Will+ MP+9 Str+5}
   438 | D:3      | Reached XP level 4. HP: 33/33 MP: 9/9
   579 | D:3      | Reached skill level 5 in Fire Magic
   591 | D:3      | Reached XP level 5. HP: 5/38 MP: 9/11
   596 | D:3      | Learned a level 4 spell: Flame Wave
   772 | D:3      | Found a glowing drain.
   791 | Sewer    | Entered a sewer
   907 | D:4      | Reached XP level 6. HP: 40/45 MP: 12/12
  1051 | D:4      | Found a shimmering altar of Xom.
  1051 | D:4      | Found a shimmering altar of Xom.
  1054 | D:4      | Found a shimmering altar of Xom.
  1056 | D:4      | Found a shimmering altar of Xom.
  1079 | D:4      | HP: 1/45 [gnoll/+0 spear (9)]
  1170 | D:4      | Reached skill level 5 in Conjurations
  1463 | D:4      | Reached XP level 7. HP: 50/50 MP: 13/13
  1778 | D:5      | Entered Level 5 of the Dungeon
  1844 | D:5      | Found a shadowy altar of Dithmenos.
  2036 | D:5      | Found a sand-covered staircase.
  2045 | Ossuary  | Entered an ossuary
  2062 | Ossuary  | Reached skill level 5 in Spellcasting
  2063 | Ossuary  | Reached XP level 8. HP: 58/58 MP: 12/16
  2065 | Ossuary  | Reached skill level 1 in Fighting
  2403 | D:5      | Learned a level 5 spell: Irradiate
  2472 | D:5      | Found a burning altar of Makhleb.
  2770 | D:5      | Found a sacrificial altar of Ru.
  3072 | D:2      | Bought a translucent falchion for 208 gold pieces
  3072 | D:2      | Identified the +12 falchion of the Ecumenical Temple {elec,
                  | rC+ Will+ Str-2 Int+7} (You bought it in a shop on level 2
                  | of the Dungeon)
  3168 | D:3      | Glimpsed the power of Zot.
  3217 | D:5      | Glimpsed the power of Zot.
  3229 | D:6      | Reached skill level 5 in Transmutations
  3229 | D:6      | Gained mutation: You passively map the area around you.
                  | [Meteoran growth]
  3229 | D:6      | Reached XP level 9. HP: 53/64 MP: 16/19
  3254 | D:6      | Found a staircase to the Ecumenical Temple.
  3260 | Temple   | Entered the Ecumenical Temple
  3332 | Temple   | Became a worshipper of Vehumet
  3467 | D:8      | Found a runed translucent gate.
  3467 | D:8      | Found a runed translucent gate.
  3485 | D:8      | Reached skill level 1 in Long Blades
  3498 | D:8      | Found a runed translucent gate.
  3498 | D:8      | Noticed a slime creature
  3498 | D:8      | Noticed hawla's ghost (novice MeIE)
  3506 | D:8      | Reached XP level 10. HP: 28/73 MP: 6/23
  3515 | D:8      | Identified a scroll of acquirement
  3515 | D:8      | Acquired 753 gold pieces
  3520 | D:8      | Reached * piety under Vehumet
  3520 | D:8      | Offered knowledge of Shock by Vehumet.
  3521 | D:8      | Slain by a vampire mosquito

Illustrated notes

Levels and vault maps discovered:
D:1:      mainiacjoe_arrival_reflecting_pool, layout_basic,
          hellmonk_ecumenical_altar_crossroads
D:2:      layout_rooms, serial_shops, shop, minmay_distorted, uniq_terence
D:3:      layout_basic, portal_sewer_entry_b, minmay_fountain_box
D:4:      layout_basic, xom_redecorated
D:5:      layout_cave_pods, mainiacjoe_overflow_alcove_1,
          lemuel_coloured_pillars_altar, nicolae_ru_the_path_less_chosen,
          enter_ossuary_1, minmay_misc_feat_four_crosses,
          minmay_gold_behind_fungi
D:6:      layout_basic, minmay_temple_entry_hall, serial_demonic,
          serial_demonic_d, serial_demonic_g, serial_demonic_c,
          serial_demonic_d, serial_demonic_d, serial_demonic_e
D:7:      layout_basic, mainiacjoe_overflow_concentric_impassable,
          kennysheep_generic_room_3
D:8:      layout_rooms, minmay_lair_entry_grove, gammafunk_ghost_ooze
Temple:   eino_temple_lava

Skill      XL: |  1  2  3  4  5  6  7  8  9 10 |
---------------+-------------------------------+-----
Fire Magic     | 4 5 6 7 8 |  8.6
Spellcasting   | 3 5 6 8 |  8.4
Conjurations   | 2 4 5 6 7 |  7.0
Fighting       | 1 2 |  2.3
Transmutations | 5 6 |  6.1
Long Blades    | 2 3 |  3.0
Dodging        | 3 |  3.8
Stealth        | |  1.4

Action                   |  1- 3 |  4- 6 |  7- 9 | 10-12 || total
-------------------------+-------+-------+-------+-------++-------
Melee: Unarmed           |     7 |     1 |     8 |       ||    16
       Falchion          |       |       |    10 |       ||    10
 Cast: Foxfire           |    27 |    40 |    35 |     1 ||   103
       Scorch            |     3 |    26 |    28 |     1 ||    58
       Flame Wave        |       |     4 |    14 |     2 ||    20
       Irradiate         |       |       |       |     2 ||     2
  Use: Potion            |     1 |     1 |     1 |     2 ||     5
       Scroll            |     2 |     4 |     3 |     4 ||    13
Armor: Robe              |     4 |     6 |     9 |     6 ||    25
Dodge: Dodged            |     7 |    21 |    33 |    11 ||    72
